 Dungeon Crawl Stone Soup version 0.21-a0-442-g848f44b (webtiles) character file.

93 slep the Shooter (level 4, 0/32 HPs)
             Began as a Demonspawn Wanderer on Nov 17, 2017.
             Slain by a gnoll
             ... wielding a +0 spear
              (8 damage)
             ... on level 2 of the Dungeon.
             The game lasted 00:05:51 (846 turns).

slep the Shooter (Demonspawn Wanderer)               Turns: 846, Time: 00:05:51

Health: 0/32       AC:  8    Str: 12    XL:     4   Next: 37%
Magic:  4/4        EV:  8    Int: 14    God:
Gold:   66         SH:  0    Dex: 13    Spells: 3/3 levels left

rFire    . . .     SeeInvis .   h - +0 hand axe
rCold    . . .     Gourm    .   (no shield)
rNeg     . . .     Faith    .   a - +2 scale mail
rPois    .         Spirit   .   (no helmet)
rElec    .         Reflect  .   (no cloak)
rCorr    .         Harm     .   (no gloves)
MR       .....                  (no boots)
Stlth    ..........             (no amulet)
HPRegen  0.10/turn              (no ring)
MPRegen  0.09/turn              (no ring)

@: no status effects
A: hooves 1
a: no special abilities


You were on level 2 of the Dungeon.
You were not hungry.

You visited 1 branch of the dungeon, and saw 2 of its levels.

You collected 66 gold pieces.

Inventory:

Hand Weapons
 b - a +0 shortbow
 e - a +1 dagger of flaming
 h - a +0 hand axe (weapon)
Missiles
 c - 32 arrows
 i - 50 stones (quivered)
Armour
 a - a +2 scale mail (worn)
Scrolls
 d - a scroll of teleportation
 j - 3 scrolls of remove curse {unknown}
 l - 2 scrolls of identify {unknown}
 n - a scroll of enchant weapon {unknown}
 o - a scroll of fog {unknown}
 p - a scroll of amnesia {unknown}
Potions
 g - a potion of cancellation {unknown}
 k - a potion of haste {unknown}
Comestibles
 f - a bread ration
 m - a meat ration
 q - 3 chunks of flesh


   Skills:
 + Level 1.5 Fighting
 + Level 1.7 Axes
 + Level 4.2 Bows
 + Level 1.2 Throwing
 + Level 3.2 Armour
 + Level 0.2 Dodging
   Level 1.0 Evocations


You had 3 spell levels left.
You didn't know any spells.

Dungeon Overview and Level Annotations

Branches:
Dungeon (2/15)

Altars:
Nemelex Xobeh


Innate Abilities, Weirdness & Mutations

You have large cloven feet.


Message History

You hit the gnoll. You kick the gnoll, but do no damage.
The gnoll is heavily wounded.
The gnoll hits you from afar with a spear.
You hit the gnoll. You kick the gnoll.
The gnoll is almost dead.
The gnoll closely misses you. The gnoll barely misses you.
The gnoll hits you but does no damage.
You closely miss the gnoll. You kick the gnoll.
You kill the gnoll!
The gnoll hits you from afar with a spear.
* * * LOW HITPOINT WARNING * * *
The gnoll hits you but does no damage.
You closely miss the gnoll. The gnoll closely misses you.
You hit the gnoll. Your kick misses the gnoll.
The gnoll is moderately wounded.
The gnoll hits you but does no damage.
You hit the gnoll but do no damage.
The gnoll is moderately wounded.
The gnoll hits you with a spear!
You die...

##.....#g ...# .......
.... ######..... ....#
#......... .....#
#.......(# # .....#
#.......)###'###.....#
#.....###.............
#.....###..........##
#....(.@gg............
#.....###..........###
#..........# #..........#
#..........###.....######
#...........###...##
#............##...#
+......#.....##...# ###
......#.....##...#.....
#.#...................


You could see 2 gnolls.

Vanquished Creatures
  2 adders (D:2)
  2 gnolls (D:2)
  An ooze (D:1)
  5 dart slugs (D:1)
  3 leopard geckos
  2 giant cockroaches
  4 goblins (D:1)
  4 hobgoblins (D:1)
  A jackal (D:1)
  5 bats
  4 frilled lizards
  4 kobolds
  4 rats
41 creatures vanquished.

Notes
Turn   | Place    | Note
-------+----------+-------------------------------------------
     0 | D:1      | slep the Demonspawn Wanderer began the quest for the Orb.
     0 | D:1      | slep set off with: a +2 scale mail, a +0 shortbow, 32 arrows, a scroll of teleportation, a bread ration
     0 | D:1      | Reached XP level 1. HP: 15/15 MP: 1/1
   120 | D:1      | Reached skill level 4 in Bows
   128 | D:1      | Gained mutation: You have large cloven feet. [demonic ancestry]
   128 | D:1      | Reached XP level 2. HP: 20/21 MP: 2/2
   275 | D:1      | Reached XP level 3. HP: 23/26 MP: 3/3
   568 | D:1      | Reached skill level 1 in Axes
   682 | D:2      | Found a sparkling altar of Nemelex Xobeh.
   765 | D:2      | Reached XP level 4. HP: 20/32 MP: 4/4
   846 | D:2      | Slain by a gnoll

Vault maps used:
D:1:      tarquinn_simple_flora_water_e, minmay_tripent
D:2:      lemuel_crystal_altar, kennysheep_crisscross, st_stairs_10,
          dk_vineyard_2, fountainhead

Skill      XL: |  1  2  3 |
---------------+----------+-----
Bows           | 4 |  4.2
Armour         | 3 |  3.2
Axes           | 1 |  1.7
Fighting       | |  1.5
Throwing       | |  1.2
Dodging        | |  0.2
Evocations     | |  1.0

Action                   |  1- 3 |  4- 6 || total
-------------------------+-------+-------++-------
Melee: Hand axe          |   106 |    21 ||   127
       Kick              |    21 |     8 ||    29
 Fire: Shortbow          |     3 |       ||     3
Throw: Stone             |    20 |    10 ||    30
  Use: Potion            |     2 |       ||     2
Armor: Scale mail        |    88 |    14 ||   102
Dodge: Dodged            |    46 |    13 ||    59

Table legend:
 A = Spawn XP
 B = Non-spawn XP
 C = Spawn XP percentage of total XP
 D = Spawn monster count
 E = Non-spawn monster count
 F = Spawn count percentage of total count
 G = Total turns spent on level
                    A         B        C        D         E        F      G
               +---------+---------+-------+---------+---------+-------+---------
         Total |       0 |     134 |   0.0 |       0 |      41 |   0.0 |   846
               +---------+---------+-------+---------+---------+-------+---------
           D:1 |       0 |      68 |   0.0 |       0 |      30 |   0.0 |   682
           D:2 |       0 |      66 |   0.0 |       0 |      11 |   0.0 |   164
               +---------+---------+-------+---------+---------+-------+---------
